 Dungeon Crawl Stone Soup version 0.19-a0-667-g8a1b79c (webtiles) character file.

4916 AlphabetPasta the Thaumaturge (level 10, 0/74 HPs)
             Began as a White Draconian Wizard on June 16, 2016.
             Was a Priest of Vehumet.
             Slain by a spectral orc warrior
             ... wielding a +0 dire flail
             ... summoned by Nergalle
              (14 damage)
             ... on level 11 of the Dungeon.
             The game lasted 01:08:08 (10949 turns).

AlphabetPasta the Thaumaturge (DrWz)               Turns: 10949, Time: 01:08:09

Health: 0/74       AC: 10    Str: 11    XL:     10   Next: 27%
Magic:  6/22       EV: 13    Int: 23    God:    Vehumet [***...]
Gold:   374        SH:  0    Dex:  9    Spells: 8 memorised, 4 levels left

rFire  . . .     SeeInvis .     i - +5 halberd of Boxt {freeze, MR+ Int+2}
rCold  + . .     Gourm    .     (armour unavailable)
rNeg   . . .     Faith    .     (shield currently unavailable)
rPois  .         Spirit   .     a - +0 hat
rElec  .         Dismiss  .     E - +2 cloak
rCorr  .         Reflect  .     (no gloves)
SustAt .         Harm     .     (no boots)
MR     +....                    (no amulet)
Stlth  +.........               (no ring)
                                (no ring)

@: short of breath, somewhat resistant to hostile enchantments, very unstealthy
A: breathe frost, unfitting armour, cold resistance 1, cold-blooded, AC +7
a: Breathe Frost, Renounce Religion


You were on level 11 of the Dungeon.
You worshipped Vehumet.
Vehumet was most pleased with you.
You were very hungry.

You visited 2 branches of the dungeon, and saw 12 of its levels.

You collected 374 gold pieces.

Inventory:

Hand Weapons
 i - the +5 halberd of Boxt (weapon) {freeze, MR+ Int+2}
   (You found it on level 4 of the Dungeon)

   It has been specially enchanted to freeze those struck by it, causing extra
   injury to most foes and up to half again as much damage against particularly
   susceptible opponents.
   It can also slow down cold-blooded creatures.
   It affects your intelligence (+2).
   It affects your resistance to hostile enchantments.
Missiles
 p - 6 javelins (quivered)
Armour
 a - a +0 hat (worn)
 E - a +2 cloak (worn)
Magical Staves
 A - an uncursed staff of fire
Wands
 f - a wand of hasting (5/9)
 j - a wand of enslavement (14/24)
 x - a wand of polymorph (7/24)
 y - a wand of paralysis (10/24)
Scrolls
 d - 4 scrolls of remove curse
 g - a scroll of enchant armour
 m - a scroll of fear
 s - a scroll of recharging
 v - 2 scrolls of teleportation
 G - a scroll of identify
Potions
 e - a potion of curing
 h - 2 potions of might
 k - a potion of berserk rage
 o - a potion of magic
 q - a potion of agility
 t - a potion of invisibility
 u - a potion of cure mutation {unknown}
 w - 4 potions of haste {unknown}
 B - 2 potions of heal wounds {unknown}
 C - 2 potions of flight {unknown}
Books
 b - a book of Minor Magic

   Spells                             Type                      Level
   a - Magic Dart                     Conjuration                  1
   b - Blink                          Translocation                2
   c - Call Imp                       Summoning                    2
   d - Repel Missiles                 Charms/Air                   2
   e - Slow                           Hexes                        2
   f - Conjure Flame                  Conjuration/Fire             3
   g - Mephitic Cloud                 Conjuration/Poison/Air       3
 z - a book of Air

   Spells                             Type                      Level
   a - Shock                          Conjuration/Air              1
   b - Swiftness                      Charms/Air                   2
   c - Repel Missiles                 Charms/Air                   2
   d - Static Discharge               Conjuration/Air              3
   e - Lightning Bolt                 Conjuration/Air              5
 F - a book of Ice

   Spells                             Type                      Level
   a - Ice Form                       Ice/Transmutation            4
   b - Metabolic Englaciation         Hexes/Ice                    5
   c - Ozocubu's Refrigeration        Ice                          6
   d - Bolt of Cold                   Conjuration/Ice              6
   e - Freezing Cloud                 Conjuration/Ice/Air          6
   f - Simulacrum                     Ice/Necromancy               6
Comestibles
 c - 4 bread rations
 l - 2 meat rations
 r - 3 fruits
 D - a chunk of flesh


   Skills:
 - Level 2.7 Fighting
 - Level 3.6 Polearms
 + Level 3.1 Dodging
 - Level 1.7 Stealth
 * Level 8.9 Spellcasting
 * Level 8.9 Conjurations
 - Level 2.2 Charms
   Level 1.0 Summonings
 - Level 3.0 Translocations
 * Level 2.9 Ice Magic
 - Level 3.0 Air Magic
 - Level 2.0 Evocations


You had 4 spell levels left.
You knew the following spells:

 Your Spells              Type           Power        Failure   Level  Hunger
a - Magic Dart            Conj           ####         1%          1    None
b - Blink                 Tloc           N/A          2%          2    None
c - Repel Missiles        Chrm/Air       ###...       3%          2    None
d - Conjure Flame         Conj/Fire      ####....     1%          3    None
e - Mephitic Cloud        Conj/Pois/Air  ####....     1%          3    None
f - Searing Ray           Conj           ######       1%          2    None
g - Bolt of Cold          Conj/Ice       #####.....   36%         6    ######.
h - Stone Arrow           Conj/Erth      ####..       1%          3    None


Dungeon Overview and Level Annotations

Branches:
Dungeon (10/15)            Temple (1/1) D:5             Orc (0/2) D:11
   Lair: D:8-11

Altars:
Cheibriados
Dithmenos
Elyvilon
Fedhas
Gozag
Hepliaklqana
Kikubaaqudgha
Nemelex Xobeh
Okawaru
Pakellas
Qazlal
Ru
Sif Muna
Trog
Uskayaw
Vehumet
Xom
Yredelemnul
Zin
The Shining One

Annotations:
D:11 Nergalle


Innate Abilities, Weirdness & Mutations

You can breathe waves of freezing cold.
You can buffet flying creatures when you breathe cold.
Your icy white scales are hard. (AC +7)
Your body does not fit into most forms of armour.
Your flesh is cold resistant. (rC+)
You are cold-blooded and may be slowed by cold attacks.


Message History

The freezing breath hits the cyan ugly thing.
The cyan ugly thing is severely wounded.
You feel somewhat more hungry. The cyan ugly thing claws you!
The cyan ugly thing shocks you!
* * * LOW HITPOINT WARNING * * *
Casting: Conjure Flame
Confirm with . or Enter, or press ? or * to list all spells.
You blink.
The cyan ugly thing closely misses you.
Casting: Blink
Confirm with . or Enter, or press ? or * to list all spells.
You blink.
Nergalle hits you but does no damage.
The spectral orc warrior barely misses you.
The spectral orc knight misses you.
The spectral orc warrior hits you but does no damage.
The manticore bites you!
* * * LOW HITPOINT WARNING * * *
The manticore barely misses you.
The manticore claws you but does no damage.
The spectral orc warrior hits you with a dire flail!
You die...

,**,*,** #.##.##u########.## ##
,***,,* #.......# #.# # ,,,,,,*
####.#### #.# ****,** #.# *#+**
*.# #.# **...** ###.# #.###
**,....*### ##.#.# #.#.##
**,,.....#..
#....#########.Z..####,,>O......#
...............H@....+,,,........
#........###..Zo..####,,,.......#
#..#.###.# #.Z...## **,,.....#.*
#.##.# #.# ##.#### **,....*#.#
#.#*.###.# #.# **...**#..
#.#*..##.# #.# *#+######
#.#*#.##.# #.# #....,,,
#.###.##.# #.# #..#****
#........# #u# #######..#####


You could see Nergalle, a manticore, 2 spectral orc warriors and a spectral orc
knight.

Vanquished Creatures
  The ghost of Kaishin the Geomancer, a novice DDEE of Makhleb (D:7)
  Maurice (D:8)
  A two-headed ogre (D:7)
  4 yaks (D:11)
  A hungry ghost (D:8)
  Edmund (D:5)
  A sky beast (D:7)
  2 orc warriors
  An ice beast (D:7)
  4 ogres
  2 centaurs
  A crocodile (D:11)
  2 big kobolds
  4 giant frogs
  A wyvern zombie (D:7)
  6 killer bees (D:10)
  3 scorpions
  A water moccasin skeleton (D:6)
  4 wights (D:7)
  A howler monkey (D:4)
  A crimson imp (D:6)
  4 jellies
  4 orc wizards
  4 orc priests
  A centaur skeleton (D:8)
  2 hounds
  A giant frog skeleton (D:5)
  4 iguanas
  7 worker ants
  A hound skeleton (D:7)
  4 worker ant zombies
  6 gnolls
  10 adders
  2 shadow imps
  An ooze (D:3)
  An adder zombie (D:6)
  2 adder skeletons
  4 dart slugs
  7 giant geckos
  21 orcs
  10 bats
  2 giant cockroaches
  9 goblins
  7 hobgoblins
  8 jackals
  14 kobolds
  3 quokkas
  2 giant newts (D:1)
  A quokka skeleton (D:5)
  7 rats
192 creatures vanquished.

Notes
Turn   | Place    | Note
--------------------------------------------------------------
     0 | D:1      | AlphabetPasta the Draconian Wizard began the quest for the Orb.
     0 | D:1      | Reached XP level 1. HP: 14/14 MP: 4/4
   191 | D:1      | Reached XP level 2. HP: 20/20 MP: 0/6
   195 | D:1      | Learned a level 2 spell: Blink
   198 | D:1      | Learned a level 2 spell: Repel Missiles
   997 | D:1      | Reached XP level 3. HP: 26/26 MP: 2/7
  1002 | D:1      | Learned a level 3 spell: Conjure Flame
  1486 | D:2      | Found a sparkling altar of Nemelex Xobeh.
  1707 | D:1      | Reached XP level 4. HP: 29/33 MP: 6/9
  1819 | D:2      | Found a snail-covered altar of Cheibriados.
  2139 | D:2      | Found an iron altar of Okawaru.
  2140 | D:2      | Found a hazy altar of Hepliaklqana.
  2245 | D:2      | Found a glowing silver altar of Zin.
  2600 | D:2      | Learned a level 3 spell: Mephitic Cloud
  2861 | D:3      | Found a basalt altar of Yredelemnul.
  3068 | D:3      | Found a radiant altar of Vehumet.
  3076 | D:3      | Became a worshipper of Vehumet
  3260 | D:3      | Found a deep blue altar of Sif Muna.
  3528 | D:4      | Reached XP level 5. HP: 37/38 MP: 6/11
  4364 | D:4      | Reached XP level 6. HP: 27/45 MP: 4/13
  4708 | D:4      | Got a fine halberd
  4709 | D:4      | Identified the +5 halberd of Boxt {freeze, MR+ Int+2} (You found it on level 4 of the Dungeon)
  4769 | D:4      | Reached skill level 5 in Spellcasting
  5167 | D:5      | Entered Level 5 of the Dungeon
  5219 | D:5      | Noticed Edmund
  5293 | D:5      | Found a shadowy altar of Dithmenos.
  5361 | D:5      | Learned a level 3 spell: Mephitic Cloud
  5363 | D:5      | Found a staircase to the Ecumenical Temple.
  5369 | Temple   | Entered the Ecumenical Temple
  5504 | D:5      | Your scales start taking on an icy white colour.
  5504 | D:5      | Reached XP level 7. HP: 32/50 MP: 6/15
  5504 | D:5      | Gained mutation: Your flesh is cold resistant. (rC+) [White Draconian growth]
  5721 | D:5      | Reached skill level 1 in Polearms
  5957 | D:5      | Killed Edmund
  5957 | D:5      | Reached skill level 5 in Conjurations
  6259 | D:6      | Reached skill level 1 in Air Magic
  6488 | D:6      | Reached * piety under Vehumet
  6488 | D:6      | Offered knowledge of Sandblast by Vehumet.
  6683 | D:6      | Reached skill level 1 in Charms
  6683 | D:6      | Reached XP level 8. HP: 57/57 MP: 13/17
  6689 | D:6      | Found a glowing golden altar of the Shining One.
  6850 | D:7      | Noticed Kaishin's ghost (novice DDEE)
  7280 | D:7      | Noticed a two-headed ogre
  7304 | D:7      | Killed a two-headed ogre
  8182 | D:7      | Killed Kaishin's ghost
  8182 | D:7      | Reached XP level 9. HP: 31/62 MP: 11/20
  8279 | D:7      | Offered knowledge of Searing Ray by Vehumet.
  8283 | D:7      | Learned a level 2 spell: Searing Ray
  8298 | D:7      | Found an oddly glowing altar of Pakellas.
  8557 | D:7      | Reached skill level 1 in Evocations
  8565 | D:7      | Reached ** piety under Vehumet
  8640 | D:7      | Found a stormy altar of Qazlal.
  8717 | D:7      | Found a shimmering altar of Xom.
  9051 | D:8      | Noticed Maurice
  9128 | D:8      | Killed Maurice
  9128 | D:8      | Reached skill level 1 in Fighting
  9397 | D:8      | Learned a level 6 spell: Bolt of Cold
  9418 | D:8      | You fall through a shaft for 2 floors!
  9418 | D:10     | Entered Level 10 of the Dungeon
  9429 | D:10     | Offered knowledge of Stone Arrow by Vehumet.
  9438 | D:10     | Reached skill level 1 in Ice Magic
  9721 | D:8      | Reached *** piety under Vehumet
  9761 | D:8      | Reached XP level 10. HP: 41/74 MP: 13/22
  9935 | D:8      | Learned a level 3 spell: Stone Arrow
  9967 | D:8      | You fall through a shaft for 3 floors!
 10011 | D:11     | Offered knowledge of Sticky Flame by Vehumet.
 10884 | D:11     | Noticed Nergalle
 10884 | D:11     | Noticed a cyan ugly thing
 10884 | D:11     | Noticed a manticore
 10949 | D:11     | Slain by a spectral orc warrior

Vault maps used:
D:1:      dpeg_arrival_brainrot
D:2:      zin_treasury, nicolae_overflow_crystal_walls, lemuel_crystal_altar,
          minitemple
D:3:      lemuel_blue_sif_altar, vehumet_crystals, first_bread,
          yredelemnul_altar_generic
D:4:      serial_park_tiny_2
D:5:      nicolae_dithmenos_the_darkroom, minmay_temple_entry_overgrown,
          uniq_edmund
D:6:      nicolae_tso_swordbearing_angel
D:7:      lemuel_crystal_altar, nicolae_qazlal_eye_of_the_storm,
          nicolae_overflow_hidden_temple
D:8:      uniq_maurice
D:9:      cheibrodos_ashenzari_chains, makhleb_grotto_becter, lair_0_dummy,
          serial_shops, shop, hangedman_ranch, small_statue_intersection,
          grunt_gozag_statues, uniq_erica
D:11:     orc_0_dummy, uniq_nergalle
Temple:   temple_of_Zot_orb

Skill      XL: |  1  2  3  4  5  6  7  8  9 10 |
---------------+-------------------------------+-----
Dodging        | 2 3 |  3.1
Conjurations   | 2 3 4 5 7 8 |  8.9
Spellcasting   | 4 5 6 7 8 |  8.9
Polearms       | 2 3 |  3.6
Air Magic      | 1 2 3 |  3.0
Charms         | 1 2 |  2.2
Evocations     | 2 |  2.0
Fighting       | 2 |  2.7
Ice Magic      | 1 2 |  2.9
Translocations | 2 3 |  3.0
Stealth        | |  1.7
Summonings     | |  1.0

Action                   |  1- 3 |  4- 6 |  7- 9 | 10-12 || total
-------------------------+-------+-------+-------+-------++-------
Melee: Unarmed           |    49 |     7 |       |       ||    56
       Tailslap          |     2 |     2 |     8 |     1 ||    13
       Halberd           |       |    20 |   180 |    24 ||   224
Throw: Javelin           |       |    25 |     7 |       ||    32
 Cast: Magic Dart        |    91 |   155 |   198 |    12 ||   456
       Conjure Flame     |       |     9 |    27 |    10 ||    46
       Blink             |       |     1 |     7 |     8 ||    16
       Repel Missiles    |       |     1 |       |       ||     1
       Mephitic Cloud    |       |       |     3 |       ||     3
       Searing Ray       |       |       |    13 |    10 ||    23
       Stone Arrow       |       |       |       |     5 ||     5
 Abil: Breathe Frost     |       |       |     5 |     1 ||     6
  Use: Scroll            |       |    13 |     6 |     3 ||    22
       Potion            |       |       |       |    10 ||    10
 Stab: Sleeping          |       |       |     1 |     1 ||     2
       Confused          |       |       |     1 |       ||     1
  Eat: Chunk             |     2 |    11 |     8 |     2 ||    23
       Royal jelly       |       |     1 |       |       ||     1
       Beef jerky        |       |       |     1 |       ||     1
       Meat ration       |       |       |     1 |       ||     1
       Fruit             |       |       |       |     1 ||     1
Armor: Skin              |    17 |    20 |    43 |    24 ||   104
Dodge: Dodged            |    49 |    38 |    86 |    38 ||   211
       Deflected         |       |     1 |       |       ||     1
